[ AOE2 MATCH · #495794576 ]
UnrankedHuns vs Vietnamese
Player's team · WIN
Rival team · LOSS
[ REPLAY ANALYSIS · EXTRACTED FROM THE RECORDED GAME ]
Feudal
12:05
Castle
21:53
Imperial
—
| APM avg | 67.8 |
| APM peak | 104 |
| eAPM avg | 20.0 |
| Villagers / military | 73 / 43 |
Focus
⚔️ 39.6% · 🌾 60.4%
Archer ×15 · Cavalry Archer ×15 · Militia ×7 · Scout Cavalry ×5 · Spearman ×1
Feudal
8:54
Castle
23:56
Imperial
—
| APM avg | 77.4 |
| APM peak | 111 |
| eAPM avg | 28.3 |
| Villagers / military | 60 / 51 |
Focus
⚔️ 41.6% · 🌾 58.4%
Skirmisher ×34 · Scout Cavalry ×7 · Archer ×5 · Cavalry Archer ×3 · Knight ×1 · Spearman ×1
Match map
Initial resources + every placement click. Lines = walls · curves = elevation contours. ◆ gold · ⬟ stone · ● berries · ✦ relic · ◌ wall gap
Your base· Open — unwalled flank
Swareee's base· ✓ Closed at 23:56 · 32t walls · 2 gate(s)
Smoothed initial terrain · ◌ = detected wall gap · hover for details
Inputs per minute
— Sir Poopsalot - - Swareee
Build order — Sir Poopsalot
First 150 of 207 actions detected
| 0:00 | Create | Villager (Male) ×4 |
| 1:27 | Create | Villager (Male) |
| 1:47 | Build | Lumber Camp |
| 1:53 | Create | Villager (Male) |
| 2:17 | Create | Villager (Male) |
| 2:43 | Create | Villager (Male) |
| 3:11 | Create | Villager (Male) |
| 3:28 | Create | Villager (Male) |
| 3:55 | Create | Villager (Male) |
| 4:22 | Create | Villager (Male) |
| 4:25 | Create | Villager (Male) |
| 4:54 | Create | Villager (Male) |
| 4:54 | Create | Villager (Male) |
| 5:08 | Build | Barracks |
| 5:21 | Create | Villager (Male) |
| 6:05 | Create | Militia |
| 6:05 | Create | Militia |
| 6:14 | Create | Villager (Male) |
| 6:17 | Build | Mill |
| 6:21 | Create | Militia |
| 6:44 | Create | Militia |
| 6:57 | Build | Mining Camp |
| 6:59 | Create | Villager (Male) |
| 7:24 | Create | Villager (Male) |
| 7:40 | Create | Villager (Male) |
| 7:58 | Build | Farm |
| 8:07 | Research | Loom |
| 8:23 | Build | Farm |
| 8:25 | Create | Villager (Male) |
| 8:39 | Create | Villager (Male) |
| 8:41 | Create | Villager (Male) |
| 8:44 | Build | Farm |
| 9:05 | Build | Farm |
| 9:05 | Create | Villager (Male) |
| 9:15 | Create | Villager (Male) |
| 9:30 | Build | Farm |
| 9:32 | Build | Farm |
| 9:55 | Research | Feudal Age |
| 10:10 | Build | Farm |
| 10:12 | Build | Palisade Wall |
| 10:13 | Build | Palisade Wall |
| 10:17 | Build | Farm |
| 10:37 | Build | Farm |
| 10:38 | Create | Militia |
| 11:19 | Create | Militia |
| 11:40 | Create | Militia |
| 12:05 | Age | Feudal Age |
| 12:06 | Research | Man-at-Arms (upgrade) |
| 12:07 | Create | Villager (Male) |
| 12:09 | Research | Double-Bit Axe |
| 12:10 | Build | Archery Range |
| 12:11 | Create | Spearman |
| 12:19 | Create | Villager (Male) |
| 12:39 | Build | Palisade Wall |
| 12:41 | Build | Palisade Wall |
| 12:43 | Build | Palisade Wall |
| 12:44 | Build | Palisade Wall |
| 12:46 | Build | Palisade Wall |
| 12:47 | Create | Villager (Male) |
| 12:51 | Build | Palisade Wall |
| 13:02 | Research | Arson |
| 13:02 | Create | Villager (Male) |
| 13:05 | Build | Farm |
| 13:07 | Create | Archer |
| 13:30 | Build | Farm |
| 13:31 | Research | Horse Collar |
| 13:33 | Create | Villager (Male) |
| 13:49 | Build | Farm |
| 13:51 | Build | Farm |
| 13:53 | Create | Villager (Male) |
| 13:58 | Create | Archer |
| 14:03 | Create | Villager (Male) |
| 14:14 | Create | Villager (Male) |
| 14:20 | Build | Blacksmith |
| 14:22 | Create | Archer |
| 14:41 | Build | Palisade Wall |
| 14:42 | Build | Palisade Wall |
| 14:42 | Build | Palisade Wall |
| 14:44 | Build | Palisade Wall |
| 14:45 | Build | Palisade Wall |
| 14:46 | Build | Palisade Wall |
| 14:55 | Build | Palisade Wall |
| 14:57 | Build | Palisade Wall |
| 15:02 | Build | Palisade Wall |
| 15:04 | Build | Palisade Wall |
| 15:06 | Build | Palisade Wall |
| 15:16 | Create | Villager (Male) |
| 15:27 | Create | Archer |
| 15:32 | Build | Market |
| 15:43 | Create | Villager (Male) |
| 15:56 | Build | Stable |
| 15:58 | Create | Villager (Male) |
| 16:03 | Create | Villager (Male) |
| 16:09 | Research | Fletching |
| 16:22 | Build | Palisade Wall |
| 16:24 | Create | Villager (Male) |
| 16:27 | Research | Padded Archer Armor |
| 16:34 | Create | Archer |
| 16:38 | Build | Farm |
| 16:40 | Build | Farm |
| 16:40 | Build | Farm |
| 16:41 | Build | Farm |
| 16:49 | Create | Scout Cavalry |
| 16:54 | Create | Villager (Male) |
| 17:02 | Create | Villager (Male) |
| 17:05 | Create | Archer |
| 17:08 | Create | Scout Cavalry |
| 17:26 | Create | Villager (Male) |
| 17:29 | Create | Archer |
| 17:30 | Create | Scout Cavalry |
| 17:42 | Create | Villager (Male) |
| 17:53 | Build | Market |
| 17:58 | Build | Palisade Wall |
| 18:08 | Create | Archer |
| 18:33 | Create | Archer |
| 18:50 | Create | Villager (Male) |
| 18:59 | Create | Villager (Male) |
| 19:01 | Build | Palisade Wall |
| 19:04 | Build | Palisade Wall |
| 19:13 | Research | Castle Age |
| 19:16 | Build | Palisade Wall |
| 19:34 | Build | Lumber Camp |
| 19:35 | Create | Archer |
| 19:46 | Build | Palisade Wall |
| 19:49 | Build | Palisade Wall |
| 19:50 | Research | Bloodlines |
| 20:04 | Create | Archer |
| 20:14 | Create | Scout Cavalry |
| 20:31 | Create | Villager (Male) |
| 20:52 | Create | Scout Cavalry |
| 21:06 | Build | Archery Range |
| 21:15 | Create | Villager (Male) |
| 21:17 | Create | Archer |
| 21:25 | Build | Palisade Wall |
| 21:37 | Create | Villager (Male) |
| 21:53 | Age | Castle Age |
| 21:54 | Research | Bodkin Arrow |
| 22:00 | Research | Crossbowman (upgrade) |
| 22:06 | Create | Villager (Male) |
| 22:07 | Build | University |
| 22:20 | Create | Villager (Male) |
| 22:38 | Create | Villager (Male) |
| 22:56 | Create | Villager (Male) |
| 23:08 | Research | Ballistics |
| 23:09 | Research | Ballistics |
| 23:09 | Create | Villager (Male) |
| 23:11 | Create | Cavalry Archer |
| 23:14 | Build | Palisade Wall |
| 23:19 | Research | Bow Saw |
| 23:21 | Create | Villager (Male) |
Build order — Swareee
First 150 of 196 actions detected
| 0:01 | Create | Villager (Male) |
| 0:02 | Create | Villager (Male) |
| 0:03 | Build | House |
| 0:04 | Build | House |
| 0:24 | Create | Villager (Male) |
| 0:29 | Create | Villager (Male) |
| 1:31 | Create | Villager (Male) |
| 2:05 | Create | Villager (Male) |
| 2:15 | Create | Villager (Male) |
| 2:21 | Build | Lumber Camp |
| 2:44 | Create | Villager (Male) |
| 2:53 | Build | House |
| 2:59 | Create | Villager (Male) |
| 3:30 | Create | Villager (Male) |
| 3:48 | Create | Villager (Male) |
| 4:27 | Create | Villager (Male) |
| 4:27 | Create | Villager (Male) |
| 4:34 | Create | Villager (Male) |
| 5:25 | Create | Villager (Male) |
| 5:27 | Build | Mill |
| 5:29 | Create | Villager (Male) |
| 5:30 | Create | Villager (Male) |
| 6:16 | Research | Loom |
| 6:44 | Research | Feudal Age |
| 7:42 | Create | Villager (Male) |
| 7:52 | Build | Barracks |
| 8:04 | Build | House |
| 8:54 | Age | Feudal Age |
| 9:02 | Build | Stable |
| 9:04 | Research | Double-Bit Axe |
| 9:05 | Research | Horse Collar |
| 9:07 | Create | Villager (Male) |
| 9:24 | Build | House |
| 9:28 | Create | Villager (Male) |
| 9:38 | Create | Villager (Male) |
| 9:55 | Create | Villager (Male) |
| 10:02 | Create | Scout Cavalry |
| 10:14 | Create | Villager (Male) |
| 10:24 | Create | Villager (Male) |
| 10:33 | Create | Scout Cavalry |
| 10:41 | Build | House |
| 10:44 | Build | Farm |
| 10:45 | Build | Farm |
| 10:50 | Build | Farm |
| 10:57 | Create | Scout Cavalry |
| 10:59 | Build | House |
| 11:04 | Build | Farm |
| 11:12 | Build | Farm |
| 11:15 | Build | Farm |
| 11:23 | Create | Villager (Male) |
| 11:35 | Create | Scout Cavalry |
| 11:44 | Create | Villager (Male) |
| 11:50 | Build | House |
| 11:54 | Build | Farm |
| 12:05 | Create | Villager (Male) |
| 12:12 | Create | Villager (Male) |
| 12:18 | Create | Scout Cavalry |
| 12:30 | Build | Blacksmith |
| 12:44 | Create | Villager (Male) |
| 12:50 | Create | Villager (Male) |
| 12:57 | Create | Villager (Male) |
| 12:59 | Build | Archery Range |
| 13:09 | Build | House |
| 13:15 | Build | Palisade Gate |
| 13:29 | Create | Archer |
| 13:33 | Create | Scout Cavalry |
| 13:34 | Create | Villager (Male) |
| 13:43 | Create | Villager (Male) |
| 13:46 | Build | Farm |
| 13:48 | Build | Farm |
| 13:50 | Build | Farm |
| 13:53 | Build | House |
| 13:54 | Build | Palisade Wall |
| 13:56 | Build | House |
| 14:01 | Build | Palisade Wall |
| 14:28 | Create | Villager (Male) |
| 14:30 | Create | Scout Cavalry |
| 14:41 | Build | Farm |
| 14:43 | Build | Farm |
| 14:43 | Create | Villager (Male) |
| 14:57 | Create | Villager (Male) |
| 15:20 | Build | Mining Camp |
| 15:22 | Build | House |
| 15:23 | Build | House |
| 15:25 | Create | Villager (Male) |
| 15:27 | Build | Farm |
| 15:28 | Create | Villager (Male) |
| 15:40 | Create | Villager (Male) |
| 15:50 | Create | Skirmisher |
| 15:55 | Create | Villager (Male) |
| 16:12 | Create | Skirmisher |
| 16:16 | Create | Villager (Male) |
| 16:35 | Build | House |
| 16:36 | Build | House |
| 16:43 | Research | Fletching |
| 16:45 | Create | Skirmisher |
| 17:06 | Create | Villager (Male) |
| 17:11 | Build | House |
| 17:13 | Build | Palisade Wall |
| 17:15 | Build | Palisade Wall |
| 17:47 | Build | Palisade Gate |
| 17:49 | Build | House |
| 17:50 | Build | House |
| 17:52 | Build | House |
| 17:56 | Create | Villager (Male) |
| 18:01 | Build | House |
| 18:07 | Build | Palisade Wall |
| 18:16 | Build | Palisade Wall |
| 18:21 | Create | Villager (Male) |
| 18:36 | Create | Skirmisher |
| 18:48 | Create | Spearman |
| 18:59 | Create | Villager (Male) |
| 19:06 | Build | Lumber Camp |
| 19:50 | Create | Villager (Male) |
| 19:51 | Build | Farm |
| 19:55 | Build | Farm |
| 19:55 | Build | Farm |
| 19:59 | Build | Farm |
| 20:19 | Create | Villager (Male) |
| 20:21 | Build | Farm |
| 21:02 | Create | Archer |
| 21:03 | Create | Archer |
| 21:16 | Research | Castle Age |
| 21:22 | Build | Archery Range |
| 22:04 | Research | Gold Mining |
| 22:06 | Create | Skirmisher |
| 22:06 | Create | Skirmisher |
| 22:11 | Build | Farm |
| 22:12 | Build | Farm |
| 22:33 | Research | Bloodlines |
| 22:34 | Create | Archer |
| 22:35 | Create | Archer |
| 22:35 | Create | Villager (Male) |
| 22:38 | Build | Archery Range |
| 22:54 | Create | Skirmisher |
| 22:54 | Create | Skirmisher |
| 23:26 | Build | Market |
| 23:52 | Create | Skirmisher |
| 23:52 | Create | Skirmisher |
| 23:53 | Create | Villager (Male) |
| 23:56 | Age | Castle Age |
| 23:57 | Research | Scale Barding Armor |
| 23:59 | Create | Knight |
| 24:00 | Create | Villager (Male) |
| 24:01 | Research | Elite Skirmisher (upgrade) |
| 24:05 | Create | Skirmisher |
| 24:08 | Build | Farm |
| 24:20 | Build | Farm |
| 24:25 | Build | Town Center |
| 24:37 | Research | Bodkin Arrow |
Match timeline
| 5:08 | Sir Poopsalot · first_building Barracks |
| 7:52 | Swareee · first_building Barracks |
| 8:54 | Swareee · age_up feudal |
| 9:02 | Swareee · first_building Stable |
| 10:12 | Sir Poopsalot · wall_segment Palisade Wall x1 |
| 10:13 | Sir Poopsalot · wall_segment Palisade Wall x1 |
| 12:05 | Sir Poopsalot · age_up feudal |
| 12:10 | Sir Poopsalot · first_building Archery Range |
| 12:39 | Sir Poopsalot · wall_segment Palisade Wall x1 |
| 12:41 | Sir Poopsalot · wall_segment Palisade Wall x1 |
| 12:43 | Sir Poopsalot · wall_segment Palisade Wall x1 |
| 12:44 | Sir Poopsalot · wall_segment Palisade Wall x1 |
| 12:46 | Sir Poopsalot · wall_segment Palisade Wall x1 |
| 12:51 | Sir Poopsalot · wall_segment Palisade Wall x1 |
| 12:59 | Swareee · first_building Archery Range |
| 13:54 | Swareee · wall_segment Palisade Wall x1 |
| 14:01 | Swareee · wall_segment Palisade Wall x1 |
| 14:41 | Sir Poopsalot · wall_segment Palisade Wall x1 |
| 14:42 | Sir Poopsalot · wall_segment Palisade Wall x1 |
| 14:42 | Sir Poopsalot · wall_segment Palisade Wall x1 |
| 14:44 | Sir Poopsalot · wall_segment Palisade Wall x1 |
| 14:45 | Sir Poopsalot · wall_segment Palisade Wall x1 |
| 14:46 | Sir Poopsalot · wall_segment Palisade Wall x1 |
| 14:55 | Sir Poopsalot · wall_segment Palisade Wall x1 |
| 14:57 | Sir Poopsalot · wall_segment Palisade Wall x1 |
| 15:02 | Sir Poopsalot · wall_segment Palisade Wall x1 |
| 15:04 | Sir Poopsalot · wall_segment Palisade Wall x1 |
| 15:06 | Sir Poopsalot · wall_segment Palisade Wall x1 |
| 15:56 | Sir Poopsalot · first_building Stable |
| 16:22 | Sir Poopsalot · wall_segment Palisade Wall x1 |
| 17:13 | Swareee · wall_segment Palisade Wall x15 |
| 17:15 | Swareee · wall_segment Palisade Wall x7 |
| 17:58 | Sir Poopsalot · wall_segment Palisade Wall x8 |
| 18:07 | Swareee · wall_segment Palisade Wall x7 |
| 18:16 | Swareee · wall_segment Palisade Wall x1 |
| 19:01 | Sir Poopsalot · wall_segment Palisade Wall x1 |
| 19:04 | Sir Poopsalot · wall_segment Palisade Wall x1 |
| 19:09 | Sir Poopsalot · first_market_sell 100 stone |
| 19:10 | Sir Poopsalot · first_market_buy 100 food |
| 19:16 | Sir Poopsalot · wall_segment Palisade Wall x1 |
| 19:46 | Sir Poopsalot · wall_segment Palisade Wall x3 |
| 19:49 | Sir Poopsalot · wall_segment Palisade Wall x5 |
| 21:25 | Sir Poopsalot · wall_segment Palisade Wall x5 |
| 21:53 | Sir Poopsalot · age_up castle |
| 23:14 | Sir Poopsalot · wall_segment Palisade Wall x1 |
| 23:56 | Swareee · age_up castle |
| 28:53 | Swareee · resign |
[ AI ANALYSIS · 1 CREDIT ]
What really happened in this match?
Wolo.gg analyzes every decision: build order, eco, micro, common mistakes by bracket. Personalized analysis on WhatsApp or Discord in 30 seconds.
Civ guide
Huns
Perfil
Sir Poopsalot